[ AOE2 MATCH · #513861583 ]
UnrankedMaya vs Maya
Player's team · WIN
Rival team · LOSS
[ REPLAY ANALYSIS · EXTRACTED FROM THE RECORDED GAME ]
Feudal
12:43
Castle
21:54
Imperial
—
| APM avg | 39.3 |
| APM peak | 93 |
| eAPM avg | 19.2 |
| Villagers / military | 34 / 24 |
Focus
⚔️ 31.7% · 🌾 68.3%
Archer ×20 · Militia ×3 · Skirmisher ×1
Feudal
11:16
Castle
—
Imperial
—
| APM avg | 42.1 |
| APM peak | 82 |
| eAPM avg | 23.1 |
| Villagers / military | 43 / 18 |
Focus
⚔️ 34.1% · 🌾 65.9%
Archer ×18
Match map
Initial resources + every placement click. Lines = walls · curves = elevation contours. ◆ gold · ⬟ stone · ● berries · ✦ relic · ◌ wall gap
Your base· Open — unwalled flank
Daniela's base· Open — 5t gap
Smoothed initial terrain · ◌ = detected wall gap · hover for details
Inputs per minute
— Arlechinno - - Daniela
Build order — Arlechinno
109 actions detected in the replay
| 0:00 | Research | Loom |
| 0:02 | Build | House |
| 0:02 | Build | House |
| 0:16 | Queue | Villager (Male) |
| 0:16 | Queue | Villager (Male) |
| 1:20 | Queue | Villager (Male) |
| 1:38 | Queue | Villager (Male) |
| 2:19 | Queue | Villager (Male) |
| 2:42 | Build | Lumber Camp |
| 2:44 | Queue | Villager (Male) |
| 3:02 | Queue | Villager (Male) |
| 3:32 | Queue | Villager (Male) |
| 3:48 | Queue | Villager (Male) |
| 4:07 | Build | House |
| 4:11 | Queue | Villager (Male) |
| 4:43 | Build | Mill |
| 4:51 | Queue | Villager (Male) |
| 4:57 | Build | House |
| 5:33 | Queue | Villager (Male) |
| 6:10 | Queue | Villager (Male) |
| 6:11 | Queue | Villager (Male) |
| 6:34 | Build | Barracks |
| 6:50 | Queue | Villager (Male) |
| 7:14 | Queue | Villager (Male) |
| 7:31 | Queue | Militia |
| 7:31 | Queue | Militia |
| 7:34 | Build | House |
| 7:37 | Queue | Militia |
| 7:41 | Queue | Villager (Male) |
| 8:10 | Queue | Villager (Male) |
| 8:19 | Queue | Villager (Male) |
| 8:34 | Build | Mill |
| 9:14 | Queue | Villager (Male) |
| 9:39 | Build | Farm |
| 9:40 | Build | Farm |
| 9:42 | Queue | Villager (Male) |
| 9:45 | Build | Farm |
| 10:21 | Build | Farm |
| 10:23 | Build | Farm |
| 10:33 | Research | Feudal Age |
| 10:42 | Build | Mining Camp |
| 11:57 | Queue | Villager (Male) |
| 12:04 | Build | House |
| 12:43 | Age | Feudal Age |
| 12:48 | Build | Archery Range |
| 12:52 | Research | Double-Bit Axe |
| 12:53 | Research | Horse Collar |
| 12:56 | Queue | Villager (Male) |
| 13:17 | Queue | Villager (Male) |
| 13:27 | Queue | Skirmisher |
| 13:27 | Queue | Archer |
| 13:30 | Build | Blacksmith |
| 13:55 | Build | Archery Range |
| 13:58 | Queue | Villager (Male) |
| 14:08 | Queue | Archer |
| 14:17 | Research | Fletching |
| 14:19 | Build | House |
| 14:27 | Queue | Villager (Male) |
| 14:36 | Build | House |
| 14:38 | Build | House |
| 14:49 | Queue | Archer |
| 14:52 | Queue | Archer |
| 14:53 | Queue | Villager (Male) |
| 14:58 | Build | House |
| 15:02 | Build | House |
| 15:09 | Build | Farm |
| 15:09 | Queue | Villager (Male) |
| 15:12 | Queue | Archer |
| 15:12 | Queue | Archer |
| 15:52 | Queue | Archer |
| 15:53 | Queue | Villager (Male) |
| 15:55 | Build | Farm |
| 15:57 | Build | Farm |
| 16:07 | Queue | Archer |
| 16:08 | Queue | Villager (Male) |
| 16:12 | Build | Farm |
| 16:35 | Queue | Archer |
| 16:36 | Queue | Archer |
| 16:45 | Queue | Villager (Male) |
| 16:59 | Build | Watch Tower |
| 17:06 | Queue | Archer |
| 17:06 | Queue | Archer |
| 17:13 | Queue | Villager (Male) |
| 17:15 | Build | Farm |
| 17:16 | Build | Farm |
| 17:18 | Build | Farm |
| 17:47 | Queue | Archer |
| 17:47 | Queue | Archer |
| 18:12 | Build | House |
| 18:17 | Queue | Archer |
| 18:18 | Queue | Villager (Male) |
| 18:20 | Build | Farm |
| 18:22 | Build | Farm |
| 18:34 | Queue | Archer |
| 19:14 | Research | Castle Age |
| 19:40 | Build | Farm |
| 19:43 | Build | Farm |
| 20:24 | Build | Mining Camp |
| 20:34 | Queue | Archer |
| 20:34 | Queue | Archer |
| 20:34 | Queue | Archer |
| 20:54 | Queue | Archer |
| 20:59 | Build | Farm |
| 21:00 | Build | Farm |
| 21:01 | Build | Farm |
| 21:03 | Queue | Villager (Male) |
| 21:54 | Age | Castle Age |
| 21:55 | Research | Crossbowman (upgrade) |
| 21:56 | Research | Bodkin Arrow |
Build order — Daniela
113 actions detected in the replay
| 0:02 | Research | Loom |
| 0:04 | Build | House |
| 0:05 | Build | House |
| 0:06 | Queue | Villager (Male) |
| 0:10 | Queue | Villager (Male) |
| 0:19 | Queue | Villager (Male) |
| 1:56 | Queue | Villager (Male) |
| 2:18 | Build | House |
| 2:27 | Queue | Villager (Male) |
| 2:42 | Build | Palisade Wall |
| 2:49 | Queue | Villager (Male) |
| 3:00 | Build | Lumber Camp |
| 3:31 | Queue | Villager (Male) |
| 3:31 | Queue | Villager (Male) |
| 3:47 | Queue | Villager (Male) |
| 4:21 | Queue | Villager (Male) |
| 4:21 | Queue | Villager (Male) |
| 5:11 | Queue | Villager (Male) |
| 5:52 | Queue | Villager (Male) |
| 6:02 | Queue | Villager (Male) |
| 6:07 | Build | Mill |
| 6:22 | Build | House |
| 6:25 | Build | Palisade Wall |
| 6:25 | Build | Palisade Wall |
| 6:28 | Queue | Villager (Male) |
| 6:42 | Queue | Villager (Male) |
| 6:43 | Queue | Villager (Male) |
| 7:32 | Build | Palisade Wall |
| 7:42 | Queue | Villager (Male) |
| 7:58 | Build | Mill |
| 7:59 | Queue | Villager (Male) |
| 8:20 | Build | Farm |
| 9:06 | Research | Feudal Age |
| 9:23 | Build | House |
| 9:27 | Build | Palisade Wall |
| 10:00 | Build | Mining Camp |
| 10:38 | Build | Barracks |
| 11:10 | Build | Palisade Gate |
| 11:12 | Build | House |
| 11:16 | Age | Feudal Age |
| 11:20 | Queue | Villager (Male) |
| 11:21 | Queue | Villager (Male) |
| 11:28 | Build | Palisade Gate |
| 11:46 | Queue | Villager (Male) |
| 11:53 | Build | Archery Range |
| 11:53 | Queue | Villager (Male) |
| 11:59 | Research | Double-Bit Axe |
| 12:32 | Queue | Villager (Male) |
| 12:36 | Queue | Archer |
| 12:36 | Queue | Archer |
| 12:46 | Build | Farm |
| 12:47 | Build | Farm |
| 13:05 | Queue | Villager (Male) |
| 13:24 | Build | Farm |
| 13:24 | Build | Farm |
| 13:34 | Queue | Villager (Male) |
| 13:45 | Queue | Villager (Male) |
| 13:51 | Queue | Archer |
| 13:54 | Build | House |
| 14:05 | Queue | Villager (Male) |
| 14:08 | Build | Blacksmith |
| 14:19 | Build | House |
| 14:33 | Build | Watch Tower |
| 14:41 | Build | Watch Tower |
| 14:42 | Queue | Villager (Male) |
| 14:48 | Build | Farm |
| 15:14 | Research | Fletching |
| 15:16 | Queue | Archer |
| 15:16 | Queue | Archer |
| 15:24 | Build | Mining Camp |
| 15:30 | Build | House |
| 15:43 | Build | Gate |
| 15:59 | Queue | Villager (Male) |
| 16:04 | Build | Farm |
| 16:48 | Queue | Archer |
| 16:48 | Queue | Archer |
| 16:49 | Queue | Archer |
| 17:21 | Build | Watch Tower |
| 17:22 | Queue | Villager (Male) |
| 17:31 | Build | Lumber Camp |
| 17:31 | Queue | Villager (Male) |
| 17:34 | Build | Archery Range |
| 17:48 | Queue | Villager (Male) |
| 18:00 | Queue | Villager (Male) |
| 18:05 | Queue | Archer |
| 18:05 | Queue | Archer |
| 18:18 | Queue | Villager (Male) |
| 18:20 | Queue | Archer |
| 18:20 | Queue | Archer |
| 18:33 | Queue | Archer |
| 18:33 | Queue | Archer |
| 18:37 | Build | Mining Camp |
| 18:42 | Build | Farm |
| 18:43 | Queue | Villager (Male) |
| 19:01 | Build | Farm |
| 19:01 | Queue | Villager (Male) |
| 19:26 | Queue | Villager (Male) |
| 19:52 | Build | Farm |
| 20:00 | Queue | Villager (Male) |
| 20:26 | Queue | Villager (Male) |
| 20:38 | Build | Farm |
| 20:39 | Build | Farm |
| 20:50 | Build | Watch Tower |
| 20:51 | Queue | Villager (Male) |
| 20:59 | Build | Farm |
| 21:00 | Queue | Archer |
| 21:01 | Queue | Archer |
| 21:09 | Queue | Villager (Male) |
| 21:10 | Queue | Villager (Male) |
| 21:25 | Build | House |
| 21:51 | Research | Padded Archer Armor |
| 21:52 | Queue | Archer |
| 21:52 | Queue | Archer |
Match timeline
| 2:42 | Daniela · wall_segment Palisade Wall x9 |
| 6:25 | Daniela · wall_segment Palisade Wall x1 |
| 6:25 | Daniela · wall_segment Palisade Wall x1 |
| 6:34 | Arlechinno · first_building Barracks |
| 7:32 | Daniela · wall_segment Palisade Wall x1 |
| 9:27 | Daniela · wall_segment Palisade Wall x1 |
| 10:38 | Daniela · first_building Barracks |
| 11:16 | Daniela · age_up feudal |
| 11:53 | Daniela · first_building Archery Range |
| 12:43 | Arlechinno · age_up feudal |
| 12:48 | Arlechinno · first_building Archery Range |
| 21:54 | Arlechinno · age_up castle |
| 22:01 | Daniela · resign |
[ AI ANALYSIS · 1 CREDIT ]
What really happened in this match?
Wolo.gg analyzes every decision: build order, eco, micro, common mistakes by bracket. Personalized analysis on WhatsApp or Discord in 30 seconds.
Civ guide
Maya
Perfil
Jugador #2878663